[Event "Polish Youth B18 Championship 2023"]
[Site "Jastrzebia Gora"]
[Date "2023.03.18"]
[Round "8.11"]
[White "Grzesik, Gracjan"]
[Black "Zdybel, Przemyslaw"]
[Result "0-1"]
[ECO "E62"]
[WhiteElo "2149"]
[BlackElo "2268"]
[Annotator "TA"]
[PlyCount "88"]
[EventDate "2023.03.11"]
[EventType "swiss"]
[EventCountry "POL"]
[SourceTitle "playchess.com"]
[Source "ChessBase"]
[SourceQuality "1"]
[TimeControl "40/5400+30:1800+30"]

1. Nf3 Nf6 2. g3 g6 3. Bg2 Bg7 4. c4 O-O 5. O-O d6 6. d4 Nc6 7. Nc3 e5 8. d5 Nb8 $1 {[%emt 0:00:07][%mdl 4] [#] outshines the older 8...Ne7.} 9. c5 {[%emt 0:10:16] E62: King's Indian: Fianchetto: 6...c6 and Panno Variation (6...Nc6) without ...a6.} Na6 $11 10. cxd6 cxd6 11. Ne1 {[%emt 0:06:39] The position is equal.} Nd7 12. Nd3 f5 13. e4 Nac5 14. Nxc5 Nxc5 {[%emt 0:00:24] [#]} 15. Be3 $146 ({Predecessor:} 15. exf5 Bxf5 16. Be3 Rc8 17. b4 Nd3 18. Ne4 Nxb4 19. Rb1 Nxa2 20. Rxb7 Bxe4 21. Bxe4 Nc3 22. Qd3 Nxe4 23. Qxe4 Rc7 24. Rxa7 {½-½ Blagojevic,D (2465)-Djukic,N (2562) MNT-chT Niksic 2018 (1.4)}) 15... Nd7 (15... f4 $5 16. Bxc5 dxc5 $11) 16. f3 Nf6 17. Rc1 Qa5 18. Qb3 Bd7 {[%emt 0:02:11] Against Nb5} 19. Kh1 Qa6 (19... b5 $11) 20. Qb4 (20. exf5 $14 Bxf5 21. Rfd1) 20... b5 (20... fxe4 $1 $11 21. Rce1 (21. fxe4 Ng4 $17) 21... exf3 22. Bxf3 b5) 21. Rfd1 Ne8 (21... fxe4 $11 22. Nxe4 Nxe4 23. fxe4 Rac8) 22. exf5 $14 gxf5 {[%emt 0:00:11] [#]} 23. a4 bxa4 $11 24. Bf1 Qc8 25. Nb5 (25. Nxa4 $11 Rb8 26. Qa5) 25... Qb8 ({Black should play} 25... Qb7 $17 {Threatens to win with ...a6.} 26. Qa5 Rb8) 26. Qa5 $15 (26. Qxa4 $2 a6 27. Rc6 (27. Ra1 $2 Nf6 $19) 27... Bxc6 28. dxc6 axb5 $19) 26... f4 ({Black should try} 26... a6 $17 27. Nc3 (27. Nc7 Nxc7 28. Rxc7 Rf7 $17) 27... e4 28. Nxa4 Qb3) 27. gxf4 $11 exf4 28. Bf2 ({Much worse is} 28. Bd4 a6 29. Nc7 (29. Bxg7 $2 axb5 30. Qd2 Nxg7 $19) 29... Bxd4 30. Rxd4 Qxb2 $17) 28... a6 29. Nc7 {[%emt 0:00:31] White is now going downhill.} (29. Nd4 $11 {and White is okay.}) 29... Nxc7 $19 30. Rxc7 Qxb2 31. Bg1 (31. Rxd7 {is a better defense.} Qxf2 32. Bg2) 31... Rf7 {[%emt 0:01:48] ...Qb3 would be deadly.} 32. Bd3 Qb3 33. Qd2 {[%emt 0:00:31] [#]} (33. Rd2) 33... Bg4 $1 {[%emt 0:01:33][%mdl 576] Discovered Attack. Black is clearly winning.} 34. fxg4 Qxd5+ 35. Qg2 Qxg2+ 36. Kxg2 Rxc7 37. Be4 Re8 38. Bd5+ Kh8 39. Rd2 a3 {[%emt 0:00:48] aiming for ...Rc3.} 40. Bf2 Rc3 41. h4 Rb8 42. Rd4 a2 43. Bxa2 Rc2 44. Ra4 Rbb2 {[%emt 0:00:07][%csl LRa2,LRf2] Excellently played by Zdybel!   Weighted Error Value: White=0.89/Black=0.25 (precise)} 0-1

[Event "Polish Youth B18 Championship 2023"]
[Site "Jastrzebia Gora"]
[Date "2023.03.18"]
[Round "8.12"]
[White "Wilk, Igor"]
[Black "Jedraszek, Pawel"]
[Result "1/2-1/2"]
[ECO "B24"]
[WhiteElo "2058"]
[BlackElo "1944"]
[Annotator "TA"]
[PlyCount "71"]
[EventDate "2023.03.11"]
[EventType "swiss"]
[EventCountry "POL"]
[SourceTitle "playchess.com"]
[Source "ChessBase"]
[SourceQuality "1"]
[TimeControl "40/5400+30:1800+30"]

1. e4 c5 2. Nc3 Nc6 3. g3 g6 4. Bg2 Bg7 5. Nge2 e6 6. O-O Nge7 7. d3 d6 8. Be3 Nd4 9. f4 O-O 10. Qd2 Rb8 11. a4 a6 {[%emt 0:03:09] B26: Closed Sicilian: 3 g3, lines with early Be3.} 12. g4 f5 {[%emt 0:03:50] [#]} 13. exf5 $146 ({Predecessor:} 13. h3 b5 14. axb5 axb5 15. Ng3 b4 16. Nd1 Bb7 17. Kh2 Ra8 18. Nf2 Qd7 19. Rxa8 Rxa8 {1-0 Marcziter,D (2243)-Boskovic,D (2457) Titled Tuesday intern op 10th Aug blitz 2021 (3)}) 13... gxf5 {[%emt 0:00:54] Black is slightly better.} 14. h3 b5 15. axb5 axb5 16. Bxd4 cxd4 17. Nd1 e5 18. g5 ({Better is} 18. fxe5 dxe5 19. Qg5) 18... Ng6 $17 19. Ra7 Be6 {[%emt 0:04:24] Against Bd5} 20. Qa5 Qxa5 21. Rxa5 Rfc8 22. c3 Nxf4 23. Nxf4 exf4 24. Re1 (24. Rxf4 $142 dxc3 25. bxc3) 24... Bb3 25. Ra7 $2 (25. Ra6) 25... Re8 $2 (25... dxc3 $19 {and Black stays clearly on top.} 26. bxc3 b4) 26. Kf2 Rxe1 27. Kxe1 {[%emt 0:01:00] [#]} Bxd1 (27... h6 $1 $17 28. gxh6 Bxh6) 28. Kxd1 $11 {[%emt 0:00:30] The position is equal.} dxc3 $17 {[%emt 0:00:05][%mdl 4096] Endgame KRB-KRB} 29. Bd5+ Kh8 30. bxc3 Bxc3 31. Kc2 b4 32. Kb3 Be1 33. Rf7 Bh4 34. Rxf5 Kg7 35. Rxf4 Bxg5 36. Rxb4 {Weighted Error Value: White=0.25 (precise) /Black=0.30} 1/2-1/2

[Event "Polish Youth B18 Championship 2023"]
[Site "Jastrzebia Gora"]
[Date "2023.03.18"]
[Round "8.13"]
[White "Stachecki, Mikolaj"]
[Black "Lis, Maksymilian"]
[Result "1-0"]
[ECO "B42"]
[WhiteElo "2015"]
[BlackElo "1784"]
[Annotator "TA"]
[PlyCount "95"]
[EventDate "2023.03.11"]
[EventType "swiss"]
[EventCountry "POL"]
[SourceTitle "playchess.com"]
[Source "ChessBase"]
[SourceQuality "1"]
[TimeControl "40/5400+30:1800+30"]

1. e4 c5 2. Nf3 e6 3. d4 cxd4 4. Nxd4 a6 5. Bd3 Bc5 6. Nb3 Ba7 7. O-O d6 {[%emt 0:01:02] B42: Sicilian: Kan Variation: 5 Bd3.} 8. Qe2 (8. Qg4 $5 ) 8... Nf6 {[%emt 0:00:28] [#]} 9. Bf4 $146 ({Predecessor:} 9. Be3 e5 10. N1d2 O-O 11. Kh1 Nc6 12. Rad1 Qe7 13. Bxa7 Rxa7 14. Nc4 b5 15. Ne3 {0-1 Polgar,J (2711)-Kamsky,G (2729) Wch Blitz 3th 2008 (6)}) 9... Nc6 {[%emt 0:00:42] The position is equal.} 10. c4 e5 11. Be3 Bxe3 12. Qxe3 Be6 13. Nc3 Rc8 14. a3 Na5 (14... Ng4 {seems wilder.} 15. Qf3 Qb6 16. Qd1 O-O) 15. Nxa5 Qxa5 16. b4 Qc7 17. Nd5 Bxd5 18. exd5 O-O 19. Bf5 Ra8 20. Rfc1 a5 21. Qb3 g6 22. Bh3 axb4 23. axb4 b6 24. g3 Ra7 25. Rxa7 Qxa7 26. Qe3 Ra8 27. Bg2 (27. c5 $11 bxc5 28. bxc5) 27... Qa3 $15 28. Qd2 Ra4 29. Rb1 Nh5 (29... Qa2 $15 30. Qxa2 Rxa2) 30. Bf1 Qa2 31. Rb2 Qa1 32. Qc2 h6 $2 {[%emt 0:01:10][%mdl 8192] [#] Black is on the road to losing.} (32... Ra8 $11 {and Black has nothing to worry.}) 33. c5 $1 $18 bxc5 34. bxc5 dxc5 35. Rb8+ Kh7 36. Qxc5 {[%emt 0:00:07] White threatens Qf8 and mate.} Ra8 37. Rxa8 Qxa8 {[%emt 0:00:04][%mdl 4096] Endgame KQB-KQN} 38. d6 {[%emt 0:00:35] d7 would kill now.} Ng7 39. d7 (39. Qc7 $142 Qf3 40. Bc4) 39... Qd8 $2 (39... Ne6 40. Qe7 Nd8 41. Qxe5 Qa7) 40. Qc8 $2 ({And not} 40. Qxe5 Qxd7 41. Bc4 Ne6 $11) (40. Qc6 {Intending Bc4 and mate.} Ne6 41. Bc4) 40... Ne6 41. Bc4 Qa5 $2 {[%emt 0:00:23] [#]} (41... Qb6 $18) 42. Bxe6 {[%emt 0:02:17] White mates.} fxe6 43. d8=Q {[%cal Rc8d7][%mdl 64] Discovered Attack} Qe1+ 44. Kg2 Qe4+ 45. f3 Qe2+ 46. Kh3 Qf1+ 47. Kg4 h5+ 48. Kg5 {[%emt 0:00:04] Weighted Error Value: White=0.30/Black=0.61} 1-0

[Event "Polish Youth B18 Championship 2023"]
[Site "Jastrzebia Gora"]
[Date "2023.03.18"]
[Round "8.14"]
[White "Krasniewski, Szymon"]
[Black "Budzisz, Adrian"]
[Result "0-1"]
[ECO "D38"]
[WhiteElo "1771"]
[BlackElo "2069"]
[Annotator "TA"]
[PlyCount "54"]
[EventDate "2023.03.11"]
[EventType "swiss"]
[EventCountry "POL"]
[SourceTitle "playchess.com"]
[Source "ChessBase"]
[SourceQuality "1"]
[TimeControl "40/5400+30:1800+30"]

1. d4 Nf6 2. Nf3 e6 3. c4 d5 4. Nc3 Bb4 5. Bd2 O-O 6. e3 c5 7. dxc5 Bxc5 {[%emt 0:00:33] E51: Nimzo-Indian: Rubinstein: 4...0-0 5 Nf3 d5.} 8. Be2 Nc6 9. O-O b6 {[%emt 0:02:00] The position is equal.} 10. Rc1 Bb7 11. cxd5 Nxd5 {[%emt 0:01:02][%cal Bf6d5,Bd5e7,Be7g6,Bg6e5,Be5g4,Bg4f2][%mdl 32] [#]} 12. e4 $146 ({Predecessor:} 12. Nxd5 exd5 13. a3 Qe7 14. Bc3 Rfd8 15. Nd4 Nxd4 16. Bxd4 Rac8 17. Bf3 Bd6 18. Rxc8 Rxc8 {0-1 Quinones,F (1697)-Pai,J (2031) Palmira op 2018 (6)}) 12... Nde7 13. Na4 Bd6 14. Bc4 (14. g3 $11) 14... Ng6 $15 15. Qe2 Nce5 16. Nxe5 Nxe5 17. Ba6 (17. Bb3 $1 $15) 17... Bxa6 $17 18. Qxa6 {[%emt 0:00:02] [#]} Ng4 $1 19. f4 {[%emt 0:07:31] [#]} Bc5+ $1 {[%emt 0:00:11][%mdl 576] Discovered Attack, Decoy} 20. Nxc5 {[%emt 0:00:07] aiming for Nb3.} Qd4+ (20... Qxd2 $17 21. Qd3 Rfd8 22. Qxd2 Rxd2) 21. Kh1 $15 {[%emt 0:00:24][%cal Oa6e2] Qe2! would be deadly.} Qxd2 22. Nd3 {[%emt 0:01:22][%mdl 8192] This costs White the game.} (22. Nb3 $11 Qe3 23. h3) 22... Rad8 $19 ({Less strong is} 22... Ne3 23. Rf2 Qa5 24. Qxa5 bxa5 25. Re2 $14) 23. Ne5 Nf2+ {[%emt 0:01:07][%mdl 64] Deflection} 24. Rxf2 (24. Kg1 $142 Nxe4 25. Rb1 Qe3+ 26. Kh1 Nf2+ 27. Rxf2 Qxf2 28. Nf3) 24... Qxc1+ 25. Rf1 Rd1 26. Kg1 Rfd8 {[%emt 0:00:25] ( -> ...Qc5+)} 27. Rxd1 Qe3+ {[%emt 0:00:20] Weighted Error Value: White=0.82/Black=0.15 (very precise)} 0-1

[Event "Polish Youth B18 Championship 2023"]
[Site "Jastrzebia Gora"]
[Date "2023.03.18"]
[Round "8.15"]
[White "Syrkiewicz, Michal"]
[Black "Zeissel, Andrzej"]
[Result "1-0"]
[ECO "B40"]
[WhiteElo "2000"]
[BlackElo "1717"]
[Annotator "TA"]
[PlyCount "80"]
[EventDate "2023.03.11"]
[EventType "swiss"]
[EventCountry "POL"]
[SourceTitle "playchess.com"]
[Source "ChessBase"]
[SourceQuality "1"]
[TimeControl "40/5400+30:1800+30"]

1. e4 c5 2. Nf3 e6 3. d4 cxd4 4. Nxd4 Nf6 5. Nc3 Nc6 6. Nxc6 bxc6 7. e5 Nd5 8. Ne4 Qc7 9. f4 $1 Rb8 {[%emt 0:00:09] B45: Sicilian Four Knights.} 10. Bd3 Qb6 11. Qe2 (11. c4 {looks sharper.} Bb4+ 12. Ke2 f5 13. Ng5) 11... Be7 {[%emt 0:07:39] The position is equal.} 12. c4 f5 13. Nf2 {[%emt 0:12:47] [#]} Bb4+ $146 ({Predecessor:} 13... Nb4 14. Be3 Bc5 15. Bxc5 Qxc5 16. b3 Qd4 17. Rd1 Qxf4 18. Bb1 c5 19. O-O Nc6 {0-1 Zeller,F (2361)-Kurmann,O (2437) SUI-chT Switzerland 2021 (5.1)}) 14. Kf1 Ne7 15. a3 Bc5 16. b4 (16. Rb1 $5 ) 16... Bd4 17. Rb1 $36 {[%emt 0:00:48][%mdl 2048] White has good play.} Ba6 18. Nd1 ({White should play} 18. h4 $14) 18... O-O (18... g5 {seems wilder.} 19. Ne3 gxf4 20. Nc2 Rg8) 19. Nb2 Bxb2 (19... g5 $11 {remains equal.}) 20. Rxb2 $16 Qc7 21. Be3 Ng6 $2 {[%emt 0:03:38] [#] Black is weak on the dark squares. A mistake that costs the game.} (21... d6 $14) 22. g3 $1 $18 d6 23. exd6 Qd7 (23... Qxd6 {was worth a try.} 24. Bc5 {[%mdl 64] Skewer, Deflection} (24. Bxa7 Rbd8 $11) 24... Qd7) 24. c5 Bxd3 25. Qxd3 e5 26. Qc4+ Kh8 27. Kf2 Rbe8 28. Re1 Re6 29. Rbe2 Rfe8 {[%emt 0:00:12] [#]} 30. Bd4 $1 e4 31. Rb1 Qd8 32. Qa6 Nxf4 33. gxf4 Qh4+ 34. Ke3 Qh3+ 35. Kd2 e3+ 36. Kc3 Qf3 37. Rg1 {[%emt 0:00:55] White mates.} Rg6 38. Rxg6 hxg6 {[%emt 0:00:05] [#]} 39. Qxa7 $1 Rg8 40. Rxe3 Qd1 {[%emt 0:00:00] Beautiful play by Syrkiewicz!   Weighted Error Value: White=0.11 (very precise) /Black=0.68} 1-0

[Event "Polish Youth B18 Championship 2023"]
[Site "Jastrzebia Gora"]
[Date "2023.03.18"]
[Round "8.16"]
[White "Bem, Tymoteusz"]
[Black "Kitewski, Bartosz"]
[Result "0-1"]
[ECO "D38"]
[WhiteElo "1748"]
[BlackElo "1968"]
[Annotator "TA"]
[PlyCount "78"]
[EventDate "2023.03.11"]
[EventType "swiss"]
[EventCountry "POL"]
[SourceTitle "playchess.com"]
[Source "ChessBase"]
[SourceQuality "1"]
[TimeControl "40/5400+30:1800+30"]

1. d4 Nf6 2. c4 e6 3. Nf3 d5 4. Nc3 Bb4 5. Qa4+ Nc6 6. Bd2 O-O 7. e3 {[%emt 0:00:25] 7.a3 is more advanced technology.} a6 8. a3 {[%emt 0:01:09] D38: Queen's Gambit Declined: Ragozin Defence (4 Nf3 Bb4).} Bxc3 9. Bxc3 Ne4 10. Qc2 {[%emt 0:02:19] White is slightly better.} b6 11. Bd3 f5 {[%emt 0:01:52] [#]} 12. b4 $146 ({Predecessor:} 12. O-O Bb7 13. b4 Nxc3 14. Qxc3 dxc4 15. Bxc4 Qd6 16. Rac1 Ne7 17. Ne5 Rac8 18. Rfd1 {0-1 Samojlov,A (2331)-Muter,D (2190) Krakow op-A 19th 2008 (9)}) 12... Bd7 (12... dxc4 $14 13. Bxc4 Ne7) 13. b5 (13. O-O $16) 13... axb5 14. cxb5 Na7 15. a4 (15. Bb4 $5 ) 15... c6 16. bxc6 (16. Bb4 {with more complications.} Re8 17. Ne5 cxb5 18. f3) 16... Nxc6 17. Bd2 Rc8 {[%emt 0:26:29][%cal Oc6d4] aiming for ...Nxd4!} 18. Qb2 Be8 19. Ba6 Ra8 20. Bb5 Na5 21. Bxa5 bxa5 22. O-O Rb8 23. Rab1 (23. Rfb1 $14) 23... Nd6 $11 24. Qe2 Bxb5 25. axb5 Qb6 (25... Nc4 $11) 26. Rb3 $2 {[%emt 0:09:49] [#]} (26. Ne5 $16) 26... a4 $1 $17 {[%emt 0:01:47] Black is more active.} 27. Rb4 (27. Rb2 $17) 27... Nxb5 $2 (27... Qa5 $19 28. Rbb1 Rxb5) 28. Rxa4 {[%emt 0:01:14] This costs White the game.} (28. Rfb1 $1 $11 Nc3 29. Rxb6 (29. Qc2 $2 Qxb4 30. Rxb4 Rxb4 $19) 29... Nxe2+ 30. Kf1 Rxb6 31. Rxb6) 28... Nc3 $1 $19 29. Qc2 Nxa4 30. Qxa4 Ra8 31. Qd1 Ra2 32. g3 Rfa8 33. Ne5 g6 {[%emt 0:00:59][%cal Bg7g6,Bg6g5][%mdl 32] Wards off Qh5} 34. Qf3 (34. Qc1 $17 {was worth a try.}) 34... Ra1 35. Rxa1 (35. g4) 35... Rxa1+ {[%emt 0:00:05] Black is clearly winning.} 36. Kg2 Qb1 {[%emt 0:05:55][%csl Ga1][%cal Rb1f1] [#]} 37. Qe2 {[%emt 0:00:28] Repels Qf1+} g5 {[%emt 0:00:58] And now ...Kg7 would win.} 38. Kh3 Kg7 {[%emt 0:00:54] ( -> ...Ra2)} 39. g4 Ra2 {[%mdl 64] Skewer.   Weighted Error Value: White=0.76/Black=0.35} 0-1

[Event "Polish Youth B18 Championship 2023"]
[Site "Jastrzebia Gora"]
[Date "2023.03.18"]
[Round "8.17"]
[White "Karut, Kacper"]
[Black "Pisarek, Jan"]
[Result "0-1"]
[ECO "B75"]
[WhiteElo "1904"]
[BlackElo "1931"]
[Annotator "TA"]
[PlyCount "64"]
[EventDate "2023.03.11"]
[EventType "swiss"]
[EventCountry "POL"]
[SourceTitle "playchess.com"]
[Source "ChessBase"]
[SourceQuality "1"]
[TimeControl "40/5400+30:1800+30"]

1. e4 c5 2. Nf3 d6 3. d4 cxd4 4. Nxd4 Nf6 5. Nc3 g6 6. f3 Bg7 7. Be3 Nc6 8. Qd2 O-O 9. g4 Be6 10. Nxe6 fxe6 11. O-O-O Ne5 12. Be2 {[%emt 0:05:06] g5 is the strong threat.} Qc8 {[%emt 0:00:24] B76: Sicilian Dragon: Yugoslav Attack, 9 g4 and 9 0-0-0.} 13. h4 Nfd7 14. Bh6 (14. f4 $14 {keeps the upper hand.} Nc4 15. Bxc4 Qxc4 16. e5) 14... Nxf3 $17 {[%emt 0:12:39] Black is better.} 15. Bxf3 Bxc3 (15... Rxf3 16. Bxg7 Kxg7 17. h5 $11) 16. Qe3 Bg7 {[%emt 0:01:37] [#] And now ...Bxh6 would win.} 17. Bxg7 (17. Bg5 $142) 17... Kxg7 {[%emt 0:00:06] [#]} 18. Be2 $146 ({Predecessor:} 18. h5 Qc5 19. Qb3 Rac8 20. Kb1 b5 21. hxg6 hxg6 22. Qxe6 Ne5 23. Qxe7+ Rf7 24. Qh4 Nxf3 {0-1 Qalabegashvili,D (1308)-Dumbelovic,N (1688) EU-ch Hybrid U10 2021 (9)}) 18... Qc5 19. Qd2 Qe5 20. Kb1 h6 (20... Qxe4 21. h5 Qf4 22. Qc3+ Qe5 23. Qd2 $17) 21. Rde1 Rf4 {[%emt 0:02:40] White is weak on the dark squares} ({Don't do} 21... Qxe4 22. Bb5 Qf4 23. Qxf4 Rxf4 24. Bxd7 $16) 22. Rhf1 Raf8 ({Weaker is} 22... Rxe4 23. Bf3 Rxe1+ 24. Rxe1 $17) 23. Bd3 Nc5 24. Rxf4 Rxf4 (24... Qxf4 $2 {loses.} 25. Qg2 $19) 25. Qe2 Qd4 26. Rf1 Rxf1+ 27. Qxf1 Nxe4 {[%emt 0:00:11] [#] White must now prevent ...Nd2+.} 28. Bxe4 Qxe4 $19 {[%emt 0:00:05] KQ-KQ} 29. a3 (29. Qg1 {is a better defense.}) 29... Qxg4 {[%emt 0:00:57] Black is clearly winning.} 30. b4 Qxh4 31. Qb5 Qh1+ 32. Kb2 Qc6 {[%emt 0:00:44] White got outplayed after the opening.   Weighted Error Value: White=0.50/Black=0.01 (flawless)} 0-1

[Event "Polish Youth B18 Championship 2023"]
[Site "Jastrzebia Gora"]
[Date "2023.03.18"]
[Round "8.18"]
[White "Malik, Maciej"]
[Black "Smetek, Michal"]
[Result "0-1"]
[ECO "A08"]
[WhiteElo "2163"]
[BlackElo "1787"]
[Annotator "TA"]
[PlyCount "121"]
[EventDate "2023.03.11"]
[EventType "swiss"]
[EventCountry "POL"]
[SourceTitle "playchess.com"]
[Source "ChessBase"]
[SourceQuality "1"]
[TimeControl "40/5400+30:1800+30"]

1. Nf3 d5 2. g3 c5 3. Bg2 Nc6 4. O-O e5 5. d3 Be7 6. Nbd2 g5 {[%emt 0:05:32] A08: King's Indian Attack.} 7. e4 {[%emt 0:04:30] Black must now prevent exd5.} d4 8. Nc4 f6 {[%emt 0:00:16] The position is equal.} 9. a4 h5 10. h4 Bg4 {[%emt 0:00:42] [#]} 11. Qd2 $146 ({Predecessor:} 11. Qe1 Bxf3 12. Bxf3 gxh4 13. Qe2 hxg3 14. Bxh5+ Kd7 15. fxg3 Qf8 16. g4 Qg7 17. Qg2 {1-0 Waghorn,K-Boross Harmer,P Ontario-ch U20 1981 (4)}) 11... Bxf3 (11... Qc7 $142) 12. Bxf3 $11 gxh4 13. gxh4 Qc7 14. Qe2 O-O-O 15. Bg2 (15. Bxh5 f5 16. Bg6 (16. exf5 $2 Nf6 $19) 16... fxe4 $17) 15... Kb8 16. Bh3 Nh6 (16... f5 $142) 17. Bxh6 (17. Qxh5 Rdg8+ 18. Bg2 Ng4 $19) 17... Rxh6 {[%emt 0:00:32] Black is weak on the light squares} 18. Bf5 Rhh8 19. Kh1 Bf8 20. Rg1 Bh6 21. Rg2 (21. Qxh5 $2 Be3 22. Qg6 (22. Qg4 $2 Bxf2 23. h5 Bxg1 $19) 22... Bxf2 $19) 21... Rdg8 (21... b6 $11) 22. Rag1 (22. Qxh5 Bg5 23. Qg4 Qd8 $15) (22. Rxg8+ $16 Rxg8 23. Rg1 (23. Qxh5 Qg7 $11) (23. Be6 Rh8 $11) 23... Rxg1+ 24. Kxg1) 22... Rxg2 23. Rxg2 Qd8 24. Qd1 Ne7 25. Be6 ({Reject} 25. Qxh5 $6 Bf4 26. Qg4 Nxf5 27. exf5 Bg5 $11) 25... Qe8 26. Qf3 Rf8 27. b3 Ng6 {[%emt 0:14:29] [#]} 28. Bd7 $1 {[%emt 0:08:32][%mdl 64] Deflection} Nxh4 29. Qh3 Qe7 30. Qxh4 Qxd7 31. Qxh5 Bf4 32. Kg1 Rf7 $2 {[%emt 0:04:59] [#]} ({Black should try} 32... Re8 $14) 33. Rg6 (33. Qh8+ $1 $18 Kc7 34. Kf1 (34. Qa8 Rg7 $11)) 33... Kc7 $16 34. Qg4 (34. Qf5 $16) 34... Qxg4+ $11 35. Rxg4 {[%emt 0:00:19][%mdl 4096] Endgame KRB-KRN} b6 36. Rg8 a6 37. a5 b5 38. Nb6 Kb7 39. Rc8 (39. Nd5 $11 {keeps the balance.}) 39... Bd2 $17 {[%emt 0:00:25] White is on the road to losing.} 40. Rxc5 $2 (40. Re8 $17) 40... Bxa5 $19 41. Nd5 (41. Nc4 $142 Bc7 42. Nd2) 41... Bb6 {[%emt 0:03:10] Black is clearly winning.} 42. Nxb6 Kxb6 {[%emt 0:00:14] KR-KR} 43. Rc8 a5 {[%emt 0:01:14] ...a4 is the strong threat.} 44. Kf1 (44. Kg2 $142 a4 45. Rh8) 44... a4 {[%emt 0:02:09] And now ...a3 would win.} 45. bxa4 bxa4 46. Ra8 Ra7 47. Rb8+ Ka5 48. Rb2 a3 49. Ra2 Ka4 50. Ke2 Rb7 51. Kd2 Rb2 52. Ra1 a2 53. Kc1 Ka3 54. f3 Rb8 55. c3 dxc3 {[%emt 0:00:15] ( -> ...Rb2)} 56. Kc2 Rb2+ 57. Kxc3 Rb1 {[%emt 0:00:16][%mdl 64] Trapped Piece} 58. Rxa2+ Kxa2 59. d4 Rb3+ 60. Kc4 exd4 61. Kxd4 {Weighted Error Value: White=0.50/Black=0.12 (very precise)} 0-1

[Event "Polish Youth B18 Championship 2023"]
[Site "Jastrzebia Gora"]
[Date "2023.03.18"]
[Round "8.19"]
[White "Kotowicz, Kamil"]
[Black "Czarniecki, Pawel"]
[Result "0-1"]
[ECO "D02"]
[WhiteElo "1828"]
[BlackElo "1625"]
[Annotator "NA RC COMBH"]
[PlyCount "140"]
[EventDate "2023.03.11"]
[EventType "swiss"]
[EventCountry "POL"]
[SourceTitle "playchess.com"]
[Source "ChessBase"]
[SourceQuality "1"]
[TimeControl "40/5400+30:1800+30"]

1. d4 d5 2. Nf3 Nf6 3. g3 Bf5 4. c4 c6 5. Qb3 Qb6 6. c5 Qxb3 7. axb3 g6 8. Nc3 Bg7 9. h3 h5 10. Bf4 O-O 11. e3 Nfd7 12. Kd2 (12. b4 $14) 12... f6 (12... e5 $1 $11 13. Bxe5 Nxe5 14. Nxe5 Bxe5 $11 15. dxe5 Nd7) 13. Bxb8 Rfxb8 {[%emt 0:00:12] [#]} 14. Nh4 $1 Kf7 15. Be2 (15. Nxf5 $14 {is more appropriate.} gxf5 16. b4) 15... Be6 16. Na4 Rh8 17. Bd3 Rh6 18. Nc3 f5 {[%emt 0:01:40] [#]} 19. b4 $1 Bf6 20. b5 Rhh8 21. bxc6 bxc6 22. Ra6 Rhc8 23. Rha1 Rc7 24. b4 Nb8 25. R6a2 Rb7 26. Na4 Rxb4 27. Kc3 Rb7 28. Nb6 axb6 29. Rxa8 bxc5 30. Nf3 (30. Rb1 $1 $11 Rxb1 31. Bxb1 cxd4+ 32. exd4) 30... cxd4+ 31. exd4 c5 32. h4 $2 (32. Kd2 $17 {was worth a try.}) 32... Nc6 33. Ng5+ Bxg5 34. hxg5 Nxd4 ({Inferior is} 34... cxd4+ 35. Kc2 $15) 35. Rb1 Rxb1 36. Bxb1 Nf3 37. Ra5 c4 38. Ba2 Nxg5 39. Kd4 Ne4 40. f3 Nf6 41. Bb1 Nd7 42. Ra6 Kf6 43. Bc2 Ne5 44. f4 Nf7 45. Bd1 Nd6 46. Ba4 Bc8 47. Rb6 Bb7 48. Bc6 Bxc6 49. Rxc6 g5 50. Kxd5 gxf4 51. gxf4 h4 52. Ra6 Kg6 53. Ra1 Ne4 54. Ke5 Ng3 (54... h3 $142 55. Ra2 Nf6) 55. Ra3 Kh5 56. Rc3 Kg4 57. Rxc4 h3 58. Rc2 Nf1 59. Rf2 Ne3 60. Re2 Ng2 61. Rf2 Kg3 62. Rf1 h2 63. Rh1 Nh4 ({And not} 63... Nxf4 64. Kxf5 Nh5 65. Ke6 $11) 64. Ke6 Kg2 ({Weaker is} 64... Kxf4 65. Rxh2 Kg3 66. Re2 $11) 65. Ra1 h1=Q 66. Rxh1 Kxh1 67. Kxe7 Kg2 68. Kf6 Kf3 69. Kg5 Kg3 70. Kh5 Nf3 0-1

[Event "Polish Youth B18 Championship 2023"]
[Site "Jastrzebia Gora"]
[Date "2023.03.18"]
[Round "8.20"]
[White "Kossowski, Pawel"]
[Black "Pieczulis, Blazej"]
[Result "1/2-1/2"]
[ECO "B15"]
[WhiteElo "1766"]
[BlackElo "1784"]
[Annotator "NA RC COMBH"]
[PlyCount "83"]
[EventDate "2023.03.11"]
[EventType "swiss"]
[EventCountry "POL"]
[SourceTitle "playchess.com"]
[Source "ChessBase"]
[SourceQuality "1"]
[TimeControl "40/5400+30:1800+30"]

1. e4 c6 2. d4 d5 3. Nc3 dxe4 4. Nxe4 Nf6 5. Nxf6+ exf6 6. c3 Bd6 7. Bd3 O-O 8. Qc2 h5 9. Ne2 Re8 10. Be3 Be6 11. O-O Qc7 12. h3 c5 13. c4 a6 14. d5 Bd7 15. a4 a5 16. Qd2 Na6 17. Nf4 Bxf4 18. Bxf4 Qc8 19. Be2 h4 20. Bf3 Nb4 21. b3 Bf5 22. Rfe1 Nc2 23. Rxe8+ Qxe8 24. Rc1 Nd4 25. Bd1 Qe4 26. f3 Qe7 27. Rc3 b6 28. Re3 Qd7 29. Re1 Re8 30. Be3 Qd6 31. Bxd4 Rxe1+ 32. Qxe1 cxd4 33. Qxh4 Qe5 34. Qf2 g5 35. Qe2 Qf4 36. Kf1 Kg7 37. Kg1 Qc1 38. g4 d3 39. Qf1 Bg6 40. d6 Qf4 41. d7 Qd6 42. Qf2 1/2-1/2